 Dungeon Crawl Stone Soup version 0.30-a0-591-g3c58d2bc28 (webtiles) character file.

Game seed: 3688389079507568349

13046 Oxelix the Unseen (level 11, -35/49 HPs)
             Began as a Spriggan Brigand on Jan 5, 2023.
             Was an Initiate of Ashenzari.
             Killed from afar by an ice dragon (shapeshifter) (84 damage)
             ... with a blast of cold
             ... on level 10 of the Dungeon.
             The game lasted 00:55:47 (11126 turns).

Oxelix the Unseen (Spriggan Brigand)               Turns: 11126, Time: 00:55:47

Health: -35/49     AC:  7    Str:  7    XL:     11   Next: 70%
Magic:  16/16      EV: 30    Int: 18    God:    Ashenzari [......]
Gold:   761        SH:  0    Dex: 23    Spells: 16/16 levels left

rFire   . . .      SeeInvis +    y - +0 arbalest (heavy)
rCold   x . .      Faith    .    (shield currently unavailable)
rNeg    . . .      Spirit   .    x - +1 steam dragon scales
rPois   .          Reflect  .    (helmet restricted)
rElec   .          Harm     .    c - +0 cloak
rCorr   .          Rampage  .    (gloves unavailable)
Will    +....                    (boots unavailable)
Stlth   ++++++++                 f - amulet of regeneration
HPRegen 1.08/turn                F - ring "Doeckarph" {rC- Int+5 Slay+4}
MPRegen 0.15/turn                n - ring of flight

@: flying, very quick
A: very small, no large weapons, unfitting armour, see invisible, speed 3,
talons 1, thin skeletal structure 1, subdued magic 1, inability to read after
injury 1, sturdy frame 1
a: Renounce Religion, Curse Item


You were on level 10 of the Dungeon.
You worshipped Ashenzari.
Ashenzari was noncommittal.
You visited 2 branches of the dungeon, and saw 11 of its levels.
You also visited: Bailey.

You collected 789 gold pieces.
You spent 28 gold pieces at shops.

Inventory:

Hand Weapons
 e - a +2 short sword of holy wrath
 s - a +4 dagger of electrocution
 y - a +0 heavy arbalest (weapon)
 A - a +2 dagger of distortion
 M - a +0 shortbow
Missiles
 G - 5 poisoned darts
 H - 3 silver boomerangs
Armour
 a - +0 acid dragon scales
 c - a +0 cloak (worn)
 d - a +0 robe of cold resistance
 x - +1 steam dragon scales (worn)
 O - a +0 troll leather armour
Jewellery
 f - an amulet of regeneration (around neck)
 k - a +6 ring of intelligence
 n - a ring of flight (right hand)
 F - the ring "Doeckarph" (left hand) {rC- Int+5 Slay+4}
   (You found it on level 8 of the Dungeon)

   [ring of slaying]

   Int:       It affects your intelligence (+5).
   Slay:      It affects your accuracy & damage with ranged weapons and melee
   (+4).
   rC:        It makes you vulnerable to cold.
Wands
 j - a wand of iceblast (5)
 u - a wand of flame (25)
Scrolls
 h - 3 scrolls of teleportation
 i - 2 scrolls of magic mapping
 m - 2 scrolls of torment
 o - 2 scrolls of enchant armour
 p - 4 scrolls of vulnerability
 q - 2 scrolls of immolation {unknown}
 t - 3 scrolls of amnesia
 w - a scroll of silence
 B - 2 scrolls of identify
 J - a scroll of fog {unknown}
 L - a scroll of fear
Potions
 b - a potion of might {unknown}
 g - a potion of lignification
 l - 4 potions of curing
 r - 3 potions of cancellation
 v - a potion of mutation
 z - a potion of heal wounds
 C - 2 potions of attraction {unknown}
 D - 2 potions of haste {unknown}
 E - 2 potions of magic
 I - 3 potions of resistance {unknown}
 K - 2 potions of experience {unknown}
 N - a potion of flight {unknown}


   Skills:
 - Level 1.5 Fighting
 - Level 9.7 Short Blades
 + Level 5.5 Ranged Weapons
 - Level 6.0 Throwing
 + Level 13.2 Dodging
 + Level 16.8 Stealth
 - Level 3.2 Spellcasting


You had 16 spell levels left.
You didn't know any spells.
Your spell library contained the following spells:

 Spells                   Type           Power      Damage    Failure   Level
 Necrotise                Necr           8%         1d4       13%         1
 Sandblast                Erth           4%         2d4       13%         1
 Ensorcelled Hibernation  Hex/Ice        4%         N/A       21%         2
 Passwall                 Tmut/Erth      1%         N/A       21%         2
 Spider Form              Tmut/Pois      2%         N/A       38%         3
 Stone Arrow              Conj/Erth      4%         3d7       38%         3
 Tukima's Dance           Hex            2%         N/A       38%         3
 Vampiric Draining        Necr           2%         2d6       38%         3
 Anguish                  Hex/Necr       1%         N/A       82%         4
 Leda's Liquefaction      Hex/Erth       1%         N/A       82%         4
 Passage of Golubria      Tloc           2%         N/A       82%         4
 Agony                    Necr           2%         N/A       99%         5
 Lee's Rapid Deconstruct  Erth           1%         3d4*      99%         5
 Yara's Violent Unravell  Hex/Tmut       1%         3d3       99%         5
 Statue Form              Tmut/Erth      1%         N/A       100%        6


Dungeon Overview and Level Annotations

Branches:
Dungeon (10/15)            Temple (1/1) D:4             Orc (0/2) D:9
 Bailey (visited)
   Lair: D:8-11

Altars:
Ashenzari
Cheibriados
Dithmenos
Elyvilon
Fedhas
Gozag
Hepliaklqana
Kikubaaqudgha
Makhleb
Nemelex Xobeh
Okawaru
Qazlal
Ru
Sif Muna
Trog
Uskayaw
Vehumet
Wu Jian
Xom
Yredelemnul
Zin
The Shining One

Shops:
D:6 ((


Innate Abilities, Weirdness & Mutations

You are very small and have problems with some larger weapons.
You are too small for most types of armour.
You have supernaturally acute eyesight. (SInv)
You cover ground extremely quickly. (Speed+++)
You have sharp toenails.
You have a somewhat thin skeletal structure. (Dex +2, Stealth+)
Your spells are a little easier to cast, but a little less powerful.
You occasionally lose the ability to read scrolls when taking damage.
Your movements are slightly less encumbered by armour. (ER -2)


Message History

Aim: an ettin shaped shifter (moderately wounded, 86% to hit)
You shoot an arrow. The arrow hits the ettin.
The ettin is moderately wounded.
There is an open door here.
There is an open door here.
There is an open door, spattered with blood here.
y - a +0 heavy arbalest (weapon)
Fire: y) +0 arbalest (heavy)
Press: ? - help, Q - select action, (/) - cycle Shift-Dir - straight line, f/p - ettin
Aim: an ettin shaped shifter (moderately wounded, 84% to hit)
You shoot a bolt. The bolt barely misses the ettin.
Fire: y) +0 arbalest (heavy)
Press: ? - help, Q - select action, (/) - cycle Shift-Dir - straight line, f/p - ettin
Aim: an ettin shaped shifter (moderately wounded, 84% to hit)
You shoot a bolt.
The bolt hits the ettin but does no damage.
The ettin is moderately wounded.
The ettin changes into an ice dragon!
Fire: y) +0 arbalest (heavy)
Press: ? - help, Q - select action, (/) - cycle Shift-Dir - straight line, f/p - ice dragon
Aim: an ice dragon shaped shifter (lightly wounded, 72% to hit)
You shoot a bolt. The bolt hits the ice dragon!
The ice dragon is moderately wounded.
The ice dragon breathes frost at you. The blast of cold misses you.
There is an open door here.
Fire: y) +0 arbalest (heavy)
Press: ? - help, Q - select action, (/) - cycle Shift-Dir - straight line, f/p - ice dragon
Aim: an ice dragon shaped shifter (lightly wounded, 72% to hit)
You shoot a bolt. The bolt hits the ice dragon.
The ice dragon is moderately wounded.
Fire: y) +0 arbalest (heavy)
Press: ? - help, Q - select action, (/) - cycle Shift-Dir - straight line, f/p - ice dragon
Aim: an ice dragon shaped shifter (moderately wounded, 72% to hit)
You shoot a bolt. The bolt hits the ice dragon!
The ice dragon is moderately wounded.
The ice dragon breathes frost at you. The blast of cold hits you!!!!
You feel a terrible chill!
Ouch! That really hurt!
You die...

...........# #.......)).#
...........# #.....).)..#
...........#####)######### #
########.......)...#
#.....).....#
#.........).#######
################'#)......#
........# #.#.......# ........#
#####@#..)....# ........#
#.............####### ........#
#.........)..[)..)..#
........####....D........#####.#
..............##.........# #.##
..............##.#.......# #...
####.......#.#.#.#.#.#...# #.[.
####........#.#.#.#.#.#### #...
)..........#.#.#.#.#.#...# #...


You could see an ice dragon shaped shifter (catching breath).

Vanquished Creatures
  Josephine (D:10)
  Erolcha (D:10)
  A hydra (D:10)
  3 two-headed ogres
  Urug (D:10)
  Pikel (D:5)
  A wizard (D:10)
  A manticore (D:10)
  Maggie (D:9)
  A tengu conjurer (D:10)
  2 trolls
  5 spriggans (Bailey)
  4 wraiths (D:10)
  A wyvern (D:8)
  A vampire (D:9)
  5 yaks (D:10)
  4 steam dragons
  4 vampire mosquitoes (D:10)
  An acid dragon (Bailey)
  2 black bears
  3 orc warriors
  2 sky beasts
  2 ogres
  A lemure (D:5)
  2 centaurs
  2 kobold brigands
  A phantom (D:5)
  3 bullfrogs
  2 necrophages
  3 scorpions
  9 wights
  A howler monkey (D:10)
  2 jellies (D:5)
  5 hounds
  8 orc priests
  4 iguanas
  10 orc wizards
  A mummy (D:4)
  6 adders
  5 gnolls (D:6)
  2 shadow imps
  2 white imps
  A worm (D:8)
  A dart slug (D:2)
  34 orcs
  10 ball pythons
  3 endoplasms
  6 giant cockroaches
  9 goblins
  8 hobgoblins
  11 jackals (D:1)
  20 kobolds
  5 quokkas
  4 bats
  2 frilled lizards (D:2)
  A hobgoblin zombie (D:4)
  2 kobold zombies (D:4)
  9 rats
243 creatures vanquished.

Notes
Turn   | Place    | Note
-------+----------+-------------------------------------------
     0 | D:1      | Oxelix the Spriggan Brigand began the quest for the Orb.
     0 | D:1      | Reached XP level 1. HP: 10/10 MP: 2/2
    46 | D:1      | Reached skill level 6 in Stealth
   145 | D:1      | Reached XP level 2. HP: 13/14 MP: 3/3
   440 | D:1      | Reached skill level 7 in Stealth
   476 | D:1      | Reached XP level 3. HP: 16/18 MP: 4/4
  1214 | D:2      | Reached skill level 8 in Stealth
  1251 | D:2      | Reached XP level 4. HP: 22/22 MP: 5/5
  2019 | D:3      | Reached skill level 9 in Stealth
  2019 | D:3      | Reached XP level 5. HP: 14/25 MP: 6/6
  2773 | D:4      | Found a staircase to the Ecumenical Temple.
  2778 | Temple   | Entered the Ecumenical Temple
  2983 | Temple   | Became a worshipper of Ashenzari the Shackled
  3622 | D:4      | Reached skill level 10 in Stealth
  3683 | D:5      | Entered Level 5 of the Dungeon
  3696 | D:5      | Reached XP level 6. HP: 24/30 MP: 7/7
  4341 | D:5      | Reached skill level 5 in Short Blades
  4495 | D:5      | Noticed Pikel
  4836 | D:5      | Found a hide-covered altar of Uskayaw.
  4899 | D:5      | Reached XP level 7. HP: 33/33 MP: 8/8
  5087 | D:5      | Killed Pikel
  5088 | D:5      | Reached XP level 8. HP: 37/37 MP: 9/9
  5227 | D:6      | Found Vaptoad's Antique Weapon Emporium.
  5230 | D:6      | Found Potwuv's Weapon Emporium.
  5431 | D:6      | Bought 5 poisoned darts for 28 gold pieces
  5627 | D:6      | Reached skill level 5 in Throwing
  6282 | D:7      | Reached XP level 9. HP: 35/41 MP: 10/10
  6563 | D:7      | Found a sacrificial altar of Ru.
  6816 | D:7      | Reached skill level 11 in Stealth
  7543 | D:8      | Reached skill level 5 in Dodging
  7687 | D:8      | Reached skill level 12 in Stealth
  7978 | D:8      | Identified the ring "Doeckarph" {rC- Int+5 Slay+4}
  8024 | D:8      | Found an opulent altar of Gozag.
  8024 | D:8      | Found a hazy altar of Hepliaklqana.
  8447 | D:8      | Noticed a moth of wrath
  8450 | D:8      | Found a bloodstained altar of Trog.
  8575 | D:9      | Found a flagged portal.
  8596 | Bailey   | Entered a bailey
  8613 | Bailey   | Reached skill level 13 in Stealth
  8780 | Bailey   | Noticed a two-headed ogre
  8854 | Bailey   | Reached XP level 10. HP: 28/46 MP: 11/11
  8927 | Bailey   | Killed a two-headed ogre
  8928 | Bailey   | Reached skill level 14 in Stealth
  9111 | D:9      | Reached skill level 15 in Stealth
  9114 | D:9      | Noticed Maggie
  9118 | D:9      | Killed Maggie
  9119 | D:9      | Reached skill level 1 in Spellcasting
  9432 | D:9      | Noticed a two-headed ogre
  9486 | D:9      | Killed a two-headed ogre
  9487 | D:9      | Reached skill level 10 in Dodging
  9640 | D:9      | Found a staircase to the Orcish Mines.
  9685 | D:9      | Reached skill level 1 in Ranged Weapons
  9917 | D:10     | Entered Level 10 of the Dungeon
  9930 | D:10     | Noticed Erolcha
  9932 | D:10     | Killed Erolcha
 10140 | D:10     | Reached XP level 11. HP: 49/49 MP: 16/16
 10441 | D:10     | Noticed Urug
 10452 | D:10     | Killed Urug
 10482 | D:10     | Gained mutation: Your flesh is cold resistant. (rC+)
                  | [potion of mutation]
 10482 | D:10     | Gained mutation: Armour fits poorly on your strangely
                  | shaped body. [potion of mutation]
 10482 | D:10     | Gained mutation: Your spells are a little easier to cast,
                  | but a little less powerful. [potion of mutation]
 10482 | D:10     | Gained mutation: You have a pair of small antennae on your
                  | head. [potion of mutation]
 10483 | D:10     | Lost mutation: You have a pair of small antennae on your
                  | head. [potion of mutation]
 10483 | D:10     | Lost mutation: Your flesh is cold resistant. (rC+) [potion
                  | of mutation]
 10483 | D:10     | Lost mutation: Armour fits poorly on your strangely shaped
                  | body. [potion of mutation]
 10483 | D:10     | Gained mutation: You occasionally lose the ability to read
                  | scrolls when taking damage. [potion of mutation]
 10483 | D:10     | Gained mutation: Your movements are slightly less
                  | encumbered by armour. (ER -2) [potion of mutation]
 10483 | D:10     | Gained mutation: You have a somewhat thin skeletal
                  | structure. (Dex +2, Stealth+) [potion of mutation]
 10483 | D:10     | Gained mutation: You have sharp toenails. [potion of
                  | mutation]
 10506 | D:10     | Noticed a two-headed ogre
 10538 | D:10     | Killed a two-headed ogre
 10574 | D:10     | Reached skill level 16 in Stealth
 10619 | D:10     | Noticed a wizard
 10635 | D:10     | Killed a wizard
 10645 | D:10     | Noticed Josephine
 10663 | D:10     | Noticed a fire crab
 10664 | D:10     | Found a glowing golden altar of the Shining One.
 10690 | D:10     | a fire crab changed into a lindwurm
 10690 | D:10     | Noticed a lindwurm (shapeshifter)
 10859 | D:10     | Killed Josephine
 10860 | D:10     | Reached skill level 5 in Ranged Weapons
 10915 | D:10     | Noticed a four-headed hydra
 10978 | D:10     | Killed a four-headed hydra
 11035 | D:10     | Noticed an anaconda
 11053 | D:10     | an anaconda changed into an ettin
 11053 | D:10     | Noticed an ettin (shapeshifter)
 11115 | D:10     | an ettin changed into an ice dragon
 11115 | D:10     | Noticed an ice dragon (shapeshifter)
 11126 | D:10     | Killed from afar by an ice dragon (shapeshifter)

Illustrated notes

Levels and vault maps discovered:
D:1:      psy_arrival_statuary, layout_loops_ring
D:2:      layout_loops_corners, minmay_misc_feat_roman
D:3:      layout_basic
D:4:      layout_basic, temple_doors_cd, minmay_mini_ossuary
D:5:      minmay_diamond_boxcup, layout_loops_corners, general_overflow_altar,
          minmay_misc_feat_more_columns, hex_large, uniq_pikel
D:6:      minmay_angry_zag, layout_basic, serial_shops, shop,
          nicolae_shop_advertising_works [nicolae_subvault_shop_adworks],
          roderic_serpentine_path
D:7:      layout_basic, nicolae_ru_great_annihilating_truth
D:8:      layout_loops_cross, gammafunk_temple_overflow_statue, tgw_trog
D:9:      layout_roguey, david_orc_3, enter_bailey_5, uniq_maggie
D:10:     minmay_blocky_corners, layout_basic, kennysheep_little_box,
          minivault_23, uniq_josephine, uniq_urug, uniq_erolcha
Temple:   eino_temple_rhombus

Skill      XL: |  1  2  3  4  5  6  7  8  9 10 11 |
---------------+----------------------------------+-----
Stealth        | 6 7 8 9 10 13 15 16 | 16.8
Short Blades   | 3 5 7 9 |  9.7
Throwing       | 3 4 6 |  6.0
Dodging        | 2 7 11 13 | 13.2
Spellcasting   | 3 |  3.2
Ranged Weapons | 2 5 |  5.5
Fighting       | |  1.5

Action                   |  1- 3 |  4- 6 |  7- 9 | 10-12 || total
-------------------------+-------+-------+-------+-------++-------
Melee: Dagger            |   105 |   118 |   152 |    98 ||   473
       Punch             |       |       |     3 |       ||     3
       Short sword       |       |       |    78 |    14 ||    92
       Kick              |       |       |       |    14 ||    14
 Fire: Arbalest          |       |       |    14 |    52 ||    66
       Shortbow          |       |       |       |    23 ||    23
Throw: Dart              |    54 |    52 |   150 |    36 ||   292
       Stone             |       |    20 |       |       ||    20
       Boomerang         |       |    10 |    53 |    91 ||   154
Evoke: Wand              |       |     1 |     1 |     1 ||     3
  Use: Scroll            |       |       |    14 |     5 ||    19
       Potion            |       |       |     2 |     4 ||     6
 Stab: Sleeping          |    10 |     9 |    12 |    14 ||    45
       Distracted        |       |       |     1 |       ||     1
Armor: Robe              |    15 |     8 |     3 |       ||    26
       Steam dragon scal |       |       |     2 |     3 ||     5
Dodge: Dodged            |    71 |    69 |   113 |    90 ||   343

Table legend: (Time is in decaauts)
 A = Elapsed time spent in this place.
 B = Non-inter-level travel time spent in this place.
 C = Inter-level travel time spent in this place.
 D = Time resting spent in this place.
 E = Time spent auto-exploring this place.
 F = Levels seen in this place.
 G = Mean time per level.
                   A        B        C        D        E       F      G
               +--------+--------+--------+--------+--------+-----+--------+
         Total |   7478 |   7231 |    247 |    604 |   3260 |  12 |  623.2 |
       Dungeon |   6996 |   6759 |    237 |    491 |   3143 |  10 |  699.6 |
        Temple |    141 |    131 |     10 |      0 |     72 |   1 |  141.0 |
        Bailey |    340 |    340 |      0 |    112 |     44 |   1 |  340.0 |
               +--------+--------+--------+--------+--------+-----+--------+

Top non-repeatable levels by time:
     D:5: 1031 daAuts
    D:10: 895 daAuts
     D:7: 846 daAuts
     D:8: 814 daAuts
     D:9: 643 daAuts
     D:3: 638 daAuts
     D:1: 564 daAuts
     D:2: 542 daAuts
     D:6: 527 daAuts
     D:4: 491 daAuts
  Bailey: 340 daAuts
  Temple: 141 daAuts
